 Dungeon Crawl Stone Soup version 0.29.0-4-gdea44cf6ec (webtiles) character file.

Game seed: 8864909267013919233

7242 qw the Grappler (level 10, -6/96 HPs)
             Began as a Troll Cinder Acolyte on Sept 3, 2022.
             Was a Follower of Ignis.
             Mangled by a death yak (13 damage)
             ... on level 1 of the Lair of Beasts.
             The game lasted 00:04:24 (7057 turns).

qw the Grappler (Troll Cinder Acolyte)              Turns: 7057, Time: 00:04:25

Health: -6/96      AC: 11    Str: 32    XL:     10   Next: 88%
Magic:  10/10      EV:  8    Int: 10    God:    Ignis [*.....]
Gold:   437        SH:  9    Dex:  5    Spells: 11/11 levels left

rFire   + . .      SeeInvis .     - Unarmed
rCold   . . .      Faith    .   o - +0 kite shield
rNeg    + . .      Spirit   .   a - +0 robe
rPois   .          Reflect  .   (helmet restricted)
rElec   +          Harm     .   (no cloak)
rCorr   +          Rampage  .   (gloves unavailable)
Will    .....                   (boots unavailable)
Stlth   +.........              m - amulet of regeneration
HPRegen 1.86/turn               k - ring of Doubts {rElec rN+ Str+4}
MPRegen 0.12/turn               l - ring of resist corrosion

@: fiery-armoured
A: large, unfitting armour, claws 3, regeneration 1, shaggy fur 1, tough skin 1
a: Renounce Religion, Fiery Armour, Foxfire Swarm, Rising Flame


You were on level 1 of the Lair of Beasts.
You worshipped Ignis.
Ignis was aware of your devotion.
You visited 2 branches of the dungeon, and saw 9 of its levels.
You also visited: Sewer.

You collected 437 gold pieces.


Innate Abilities, Weirdness & Mutations

You are too large for most types of armour.
You have claws for hands.
Your natural rate of healing is unusually fast.
You are covered in fur. (AC +1)
You have tough skin. (AC +1)


   Skills:
 - Level 5.0 Fighting
 - Level 3.0 Throwing
 - Level 1.3 Dodging
 - Level 9.3 Shields
 + Level 12.0 Unarmed Combat
 - Level 1.0 Spellcasting
 - Level 2.1 Fire Magic


You had 11 spell levels left.
You didn't know any spells.
Your spell library contained the following spells:

 Spells                   Type           Power      Damage    Failure   Level
 Scorch                   Fire           8%         2d5       38%         2

Inventory:

Missiles
 p - a javelin (quivered)
 q - 5 boomerangs
Armour
 a - a +0 robe (worn)
 o - a +0 kite shield (worn)
Jewellery
 k - the ring of Doubts (left claw) {rElec rN+ Str+4}
   (You found it on level 5 of the Dungeon)

   [ring of positive energy]

   Str:       It affects your strength (+4).
   rElec:     It insulates you from electricity.
   rN:        It protects you from negative energy.
 l - a ring of resist corrosion (right claw)
 m - an amulet of regeneration (around neck)
Scrolls
 g - 2 scrolls of identify
 h - 2 scrolls of enchant armour
 i - a scroll of enchant weapon
Potions
 b - a potion of cancellation
 c - 7 potions of curing
 f - 2 potions of resistance
 j - a potion of mutation
 n - a potion of haste

Dungeon Overview and Level Annotations

Branches:
Dungeon (8/15)             Temple (0/1) D:5            Lair (1/5) D:8
  Sewer (visited)

Altars:
Cheibriados
Elyvilon
Gozag
Makhleb
Uskayaw
Vehumet
Xom

Shops:
D:2 [


Message History

You kill the death yak!
Your Fighting skill increases to level 5!
7049 ||| INVOKING Fiery Armour.
Your cloak of flame flares fiercely!
The death yak gores you!
The death yak is burned by your cloak of flames.
The death yak is lightly wounded.
You claw the death yak!
The death yak is lightly wounded.
The death yak gores you!!
You barely miss the death yak.
The death yak is lightly wounded.
The death yak gores you!!
The death yak is burned by your cloak of flames.
The death yak is lightly wounded.
You barely miss the death yak.
The death yak is moderately wounded.
The death yak gores you but does no damage.
You scratch the death yak.
The death yak is moderately wounded.
The death yak misses you. The death yak gores you!!
The death yak is burned by your cloak of flames.
The death yak is moderately wounded.
7054 ||| DRINKING potion of heal wounds.
You feel much better. You block the death yak's attack.
The death yak gores you.
The death yak is burned by your cloak of flames.
The death yak is moderately wounded.
You block the death yak's attack.
You barely miss the death yak.
The death yak is moderately wounded.
You barely miss the death yak.
The death yak is moderately wounded.
The death yak gores you.
The death yak is burned by your cloak of flames.
The death yak is lightly wounded.
The death yak gores you! The death yak gores you!!
You claw the death yak!
The death yak is heavily wounded.
The death yak gores you!
You die...

.. ... ...# #.###. .8
#........... .. ....#
...... .. .##....##
..... ...## ...#....#
#.... #...###.#....#
#....
#...Y@YY.....#####....
...#..Y##.#....##.##....
#......#.............
#....(.#......<%##P#.
###.P#..........#####
................P# #.
.........#.##.##.## ##
.......?..#.....#.. ##
######....#.....#.####P


You could see 4 death yaks.

Vanquished Creatures
  A catoblepas (Lair:1)
  A death yak (Lair:1)
  A two-headed ogre (D:8)
  2 hornets
  A wyvern (D:8)
  A basilisk (D:8)
  A steam dragon (D:6)
  6 yaks
  4 water moccasins
  2 black bears
  4 orc warriors
  3 ice beasts
  A centaur (D:4)
  2 ogres (D:7)
  A kobold brigand (D:5)
  6 bullfrogs
  2 gnoll sergeants
  A necrophage (D:6)
  4 scorpions
  10 wights
  5 killer bees (D:7)
  2 orc priests
  6 hounds
  A jelly (D:4)
  3 iguanas
  Terence (D:3)
  2 orc wizards (D:8)
  8 gnolls
  16 adders
  A white imp (D:6)
  2 worms
  A dart slug (D:4)
  20 orcs
  9 ball pythons
  3 endoplasms
  14 giant cockroaches
  8 goblins
  A hobgoblin (D:2)
  11 kobolds
  7 quokkas
  2 bats (D:1)
  6 frilled lizards (Sewer)
  9 rats
192 creatures vanquished.

Vanquished Creatures (others)
  3 fungi (D:8)
  14 plants
17 creatures vanquished.

Grand Total: 209 creatures vanquished

Notes
Turn   | Place    | Note
-------+----------+-------------------------------------------
     0 | D:1      | qw the Troll Cinder Acolyte began the quest for the Orb.
     0 | D:1      | Reached XP level 1. HP: 22/22 MP: 1/1
     0 | D:1      | 0 ||| qw: Version: 0.1-a-102-g441f92d
     0 | D:1      | 0 ||| qw: Game counter: 5116
     0 | D:1      | 0 ||| qw: Always use a shield: true
     0 | D:1      | 0 ||| qw: God list: Okawaru
     0 | D:1      | 0 ||| qw: Allow faded altars: false
     0 | D:1      | 0 ||| qw: Do Orc after D:15 true
     0 | D:1      | 0 ||| qw: Do second Lair branch before Depths: true
     0 | D:1      | 0 ||| qw: Lair rune preference: random
     0 | D:1      | 0 ||| qw: Plans: Normal
     0 | D:1      | 0 ||| PLANNING D:1-11
    73 | D:1      | 73 ||| Stepping ~*~*~tactically~*~*~ (stealth).
   156 | D:1      | Reached XP level 2. HP: 29/29 MP: 2/2
   481 | D:1      | Reached skill level 4 in Unarmed Combat
   596 | D:1      | 596 ||| READING scroll labelled SEDE HOJASHUE.
   600 | D:1      | 600 ||| READING scroll labelled VOTILE PUHOZ.
   701 | D:1      | 701 ||| READING scroll labelled YNA XUEF OLY.
   716 | D:1      | 716 ||| READING scroll labelled FIHETOTOEDD.
   717 | D:1      | 717 ||| DRINKING 2 bubbling white potions.
   718 | D:1      | 718 ||| DRINKING 2 green potions.
   719 | D:1      | 719 ||| DRINKING 2 ruby potions.
   720 | D:1      | 720 ||| DROPPING potion of invisibility.
   740 | D:2      | 740 ||| Stepping ~*~*~tactically~*~*~ (stealth).
   740 | D:2      | Found a faded altar of an unknown god.
   742 | D:2      | 742 ||| Stepping ~*~*~tactically~*~*~ (stealth).
   748 | D:2      | Reached XP level 3. HP: 34/36 MP: 3/3
   757 | D:2      | 757 ||| Stepping ~*~*~tactically~*~*~ (stealth).
   862 | D:2      | Found Bisopnom's Armour Boutique.
   870 | D:2      | 870 ||| SHOPLISTING +1 cloak of willpower (231 gold, have
                  | 62).
   870 | D:2      | 870 ||| SHOPLISTING +5 robe of Misfortune {Harm *Corrode
                  | *Slow EV+5} (595 gold, have 62).
  1025 | D:2      | 1025 ||| Stepping ~*~*~tactically~*~*~ (stealth).
  1210 | D:2      | Noticed a black bear
  1219 | D:2      | HP: 8/36 [black bear (11)]
  1220 | D:2      | 1220 ||| INVOKING Fiery Armour.
  1220 | D:2      | Killed a black bear
  1221 | D:2      | Reached skill level 5 in Unarmed Combat
  1221 | D:2      | Reached XP level 4. HP: 10/44 MP: 4/4
  1221 | D:2      | Reached XP level 5. HP: 11/50 MP: 5/5
  1329 | D:2      | 1329 ||| READING 2 scrolls labelled EGHEAS TOOSH.
  1330 | D:2      | 1330 ||| READING scroll labelled MAUK ERIYJI.
  1331 | D:2      | 1331 ||| READING scroll labelled ZIPRUI PAQEIX.
  1332 | D:2      | 1332 ||| READING scroll labelled PUCEWN UTTERUTS.
  1333 | D:2      | 1333 ||| DROPPING scroll of noise.
  1436 | D:3      | Found a white marble altar of Elyvilon.
  1948 | D:3      | 1948 ||| Stepping ~*~*~tactically~*~*~ (stealth).
  1968 | D:3      | 1968 ||| READING scroll labelled DUCKEU UTEUNGU.
  2282 | D:3      | Noticed Terence
  2286 | D:3      | Killed Terence
  2287 | D:3      | Reached skill level 1 in Throwing
  2292 | D:3      | 2292 ||| READING scroll labelled USEDUA ULUO.
  2313 | D:4      | 2313 ||| Stepping ~*~*~tactically~*~*~ (hiding).
  2317 | D:4      | Reached skill level 6 in Unarmed Combat
  2436 | D:4      | Noticed a centaur
  2445 | D:4      | 2445 ||| INVOKING Fiery Armour.
  2445 | D:4      | Killed a centaur
  2446 | D:4      | Reached XP level 6. HP: 30/59 MP: 6/6
  2667 | D:4      | Noticed an orc warrior
  2668 | D:4      | 2668 ||| FLEEEEING.
  2669 | D:4      | 2669 ||| FLEEEEING.
  2670 | D:4      | 2670 ||| FLEEEEING.
  2671 | D:4      | 2671 ||| FLEEEEING.
  2672 | D:4      | 2672 ||| FLEEEEING.
  2673 | D:4      | 2673 ||| FLEEEEING.
  2674 | D:4      | 2674 ||| FLEEEEING.
  2675 | D:4      | 2675 ||| FLEEEEING.
  2681 | D:4      | 2681 ||| FLEEEEING.
  2682 | D:4      | 2682 ||| FLEEEEING.
  2684 | D:4      | 2684 ||| FLEEEEING.
  2685 | D:4      | 2685 ||| FLEEEEING.
  2686 | D:4      | 2686 ||| FLEEEEING.
  2687 | D:4      | 2687 ||| FLEEEEING.
  2688 | D:4      | 2688 ||| FLEEEEING.
  2689 | D:4      | 2689 ||| FLEEEEING.
  2690 | D:4      | 2690 ||| FLEEEEING.
  2693 | D:4      | 2693 ||| FLEEEEING.
  2694 | D:4      | 2694 ||| FLEEEEING.
  2695 | D:4      | 2695 ||| FLEEEEING.
  2696 | D:4      | 2696 ||| FLEEEEING.
  2697 | D:4      | 2697 ||| FLEEEEING.
  2698 | D:4      | 2698 ||| FLEEEEING.
  2704 | D:4      | 2704 ||| FLEEEEING.
  2705 | D:4      | 2705 ||| FLEEEEING.
  2706 | D:4      | 2706 ||| FLEEEEING.
  2707 | D:4      | 2707 ||| FLEEEEING.
  2713 | D:4      | 2713 ||| FLEEEEING.
  2714 | D:4      | 2714 ||| FLEEEEING.
  2715 | D:4      | 2715 ||| FLEEEEING.
  2716 | D:4      | 2716 ||| FLEEEEING.
  2717 | D:4      | 2717 ||| FLEEEEING.
  2718 | D:4      | 2718 ||| FLEEEEING.
  2719 | D:4      | 2719 ||| FLEEEEING.
  2726 | D:4      | 2726 ||| FLEEEEING.
  2728 | D:4      | 2728 ||| FLEEEEING.
  2729 | D:4      | 2729 ||| FLEEEEING.
  2730 | D:4      | 2730 ||| FLEEEEING.
  2731 | D:4      | 2731 ||| FLEEEEING.
  2732 | D:4      | 2732 ||| FLEEEEING.
  2733 | D:4      | 2733 ||| FLEEEEING.
  2734 | D:4      | 2734 ||| FLEEEEING.
  2737 | D:4      | 2737 ||| FLEEEEING.
  2738 | D:4      | 2738 ||| FLEEEEING.
  2739 | D:4      | 2739 ||| FLEEEEING.
  2740 | D:4      | 2740 ||| FLEEEEING.
  2741 | D:4      | 2741 ||| FLEEEEING.
  2742 | D:4      | 2742 ||| FLEEEEING.
  2743 | D:4      | 2743 ||| FLEEEEING.
  2744 | D:4      | 2744 ||| FLEEEEING.
  2745 | D:4      | 2745 ||| FLEEEEING.
  2752 | D:4      | 2752 ||| Stepping ~*~*~tactically~*~*~ (hiding).
  2759 | D:4      | Killed an orc warrior
  2760 | D:4      | Reached skill level 7 in Unarmed Combat
  2782 | D:4      | 2782 ||| Stepping ~*~*~tactically~*~*~ (stealth).
  2922 | D:4      | Identified the +2 leather armour "Gunne" {rPois Str+4 Int+3
                  | Dex+4}
  3014 | D:4      | Reached XP level 7. HP: 54/66 MP: 7/7
  3503 | D:4      | 3503 ||| READING 5 scrolls of identify.
  3503 | D:4      | 3503 ||| IDENTIFYING purple potion
  3504 | D:4      | 3504 ||| READING 4 scrolls of identify.
  3504 | D:4      | 3504 ||| IDENTIFYING glowing silvery potion
  3505 | D:4      | 3505 ||| READING 3 scrolls of identify.
  3505 | D:4      | 3505 ||| IDENTIFYING coppery potion
  3506 | D:4      | 3506 ||| READING 2 scrolls of identify.
  3506 | D:4      | 3506 ||| IDENTIFYING bubbling brown potion
  3507 | D:4      | 3507 ||| DROPPING potion of degeneration.
  3508 | D:4      | 3508 ||| DROPPING potion of flight.
  3529 | D:5      | Entered Level 5 of the Dungeon
  3530 | D:5      | 3530 ||| PLANNING SEWER
  3574 | D:5      | Reached skill level 8 in Unarmed Combat
  3580 | D:5      | 3580 ||| INVOKING Fiery Armour.
  3582 | D:5      | Reached skill level 3 in Fighting
  3640 | D:5      | Found a staircase to the Ecumenical Temple.
  3733 | D:5      | Identified the +0 ring mail of the Game Afoot {rCorr Int+2}
  3777 | D:5      | Identified the ring of Doubts {rElec rN+ Str+4}
  3925 | D:5      | 3925 ||| Stepping ~*~*~tactically~*~*~ (stealth).
  3988 | D:5      | Found a glowing drain.
  3990 | D:5      | 3990 ||| UPGRADING to amulet of regeneration.
  4002 | D:5      | 4002 ||| UPGRADING to ring of Doubts {rElec rN+ Str+4}.
  4003 | D:5      | 4003 ||| READING scroll labelled OCVUGERACK.
  4004 | D:5      | 4004 ||| READING scroll labelled ECUGUQUOTA.
  4005 | D:5      | 4005 ||| READING 3 scrolls of identify.
  4005 | D:5      | 4005 ||| IDENTIFYING fizzy grey potion
  4011 | Sewer    | Entered a sewer
  4060 | Sewer    | Reached skill level 9 in Unarmed Combat
  4245 | Sewer    | Reached skill level 1 in Dodging
  4253 | Sewer    | Reached XP level 8. HP: 56/75 MP: 8/8
  4491 | D:5      | 4491 ||| PLANNING D:1-11
  4548 | D:5      | Found a burning altar of Makhleb.
  4653 | D:5      | 4653 ||| READING 2 scrolls of identify.
  4653 | D:5      | 4653 ||| IDENTIFYING clear potion
  4683 | D:6      | 4683 ||| Stepping ~*~*~tactically~*~*~ (stealth).
  4688 | D:6      | 4688 ||| FLEEEEING.
  4691 | D:6      | 4691 ||| FLEEEEING.
  4692 | D:6      | 4692 ||| FLEEEEING.
  4693 | D:6      | 4693 ||| STAIRDANCE
  4810 | D:6      | 4810 ||| STAIRDANCE
  4825 | D:6      | 4825 ||| STAIRDANCE
  4992 | D:6      | Reached skill level 10 in Unarmed Combat
  4992 | D:6      | 4992 ||| FLEEEEING.
  5008 | D:6      | 5008 ||| Stepping ~*~*~tactically~*~*~ (hiding).
  5014 | D:6      | 5014 ||| INVOKING Fiery Armour.
  5159 | D:6      | 5159 ||| INVOKING Fiery Armour.
  5247 | D:6      | Reached XP level 9. HP: 84/84 MP: 9/9
  5464 | D:6      | Reached skill level 11 in Unarmed Combat
  5471 | D:6      | 5471 ||| READING 2 scrolls labelled ZIMEIQULAGIFFI.
  5472 | D:6      | 5472 ||| READING scroll labelled KYFAKH FADOR.
  5473 | D:6      | 5473 ||| DROPPING scroll of poison.
  5474 | D:6      | 5474 ||| READING 2 scrolls of teleportation.
  5592 | D:7      | Reached skill level 3 in Throwing
  5809 | D:7      | 5809 ||| INVOKING Fiery Armour.
  5820 | D:7      | Reached skill level 12 in Unarmed Combat
  5826 | D:7      | 5826 ||| FLEEEEING.
  5827 | D:7      | 5827 ||| FLEEEEING.
  5828 | D:7      | 5828 ||| FLEEEEING.
  5829 | D:7      | 5829 ||| FLEEEEING.
  5830 | D:7      | 5830 ||| FLEEEEING.
  5831 | D:7      | 5831 ||| FLEEEEING.
  5832 | D:7      | 5832 ||| FLEEEEING.
  5833 | D:7      | 5833 ||| FLEEEEING.
  5834 | D:7      | 5834 ||| FLEEEEING.
  5835 | D:7      | 5835 ||| FLEEEEING.
  5836 | D:7      | 5836 ||| FLEEEEING.
  5837 | D:7      | 5837 ||| FLEEEEING.
  5838 | D:7      | 5838 ||| FLEEEEING.
  5839 | D:7      | 5839 ||| FLEEEEING.
  5840 | D:7      | 5840 ||| FLEEEEING.
  5841 | D:7      | 5841 ||| FLEEEEING.
  5842 | D:7      | 5842 ||| STAIRDANCE
  5855 | D:6      | 5855 ||| UPGRADING to +0 kite shield.
  5860 | D:6      | 5860 ||| UPGRADING to ring of resist corrosion.
  5863 | D:7      | 5863 ||| STAIRDANCE
  5869 | D:6      | Reached skill level 1 in Shields
  5892 | D:7      | 5892 ||| Stepping ~*~*~tactically~*~*~ (stealth).
  5910 | D:7      | Reached skill level 3 in Shields
  6029 | D:7      | 6029 ||| Stepping ~*~*~tactically~*~*~ (hiding).
  6035 | D:7      | 6035 ||| Stepping ~*~*~tactically~*~*~ (hiding).
  6036 | D:7      | 6036 ||| Stepping ~*~*~tactically~*~*~ (hiding).
  6037 | D:7      | 6037 ||| Stepping ~*~*~tactically~*~*~ (hiding).
  6038 | D:7      | 6038 ||| Stepping ~*~*~tactically~*~*~ (hiding).
  6042 | D:7      | 6042 ||| INVOKING Fiery Armour.
  6058 | D:7      | 6058 ||| Stepping ~*~*~tactically~*~*~ (stealth).
  6059 | D:7      | 6059 ||| Stepping ~*~*~tactically~*~*~ (stealth).
  6254 | D:8      | 6254 ||| STAIRDANCE
  6273 | D:8      | 6273 ||| STAIRDANCE
  6285 | D:8      | 6285 ||| STAIRDANCE
  6307 | D:8      | 6307 ||| STAIRDANCE
  6315 | D:8      | 6315 ||| STAIRDANCE
  6324 | D:8      | 6324 ||| INVOKING Fiery Armour.
  6327 | D:8      | HP: 19/84 [basilisk (4)]
  6328 | D:8      | 6328 ||| READING scroll of teleportation.
  6329 | D:8      | 6329 ||| DRINKING potion of heal wounds.
  6330 | D:8      | Found an opulent altar of Gozag.
  6330 | D:8      | Found a radiant altar of Vehumet.
  6330 | D:8      | Found a shimmering altar of Xom.
  6330 | D:8      | Found a hide-covered altar of Uskayaw.
  6331 | D:8      | Reached XP level 10. HP: 34/92 MP: 10/10
  6371 | D:8      | Found a snail-covered altar of Cheibriados.
  6447 | D:8      | 6447 ||| Stepping ~*~*~tactically~*~*~ (stealth).
  6452 | D:8      | 6452 ||| Stepping ~*~*~tactically~*~*~ (outnumbered).
  6455 | D:8      | Reached skill level 6 in Shields
  6472 | D:8      | 6472 ||| Stepping ~*~*~tactically~*~*~ (stealth).
  6526 | D:8      | 6526 ||| Stepping ~*~*~tactically~*~*~ (stealth).
  6527 | D:8      | 6527 ||| FLEEEEING.
  6528 | D:8      | 6528 ||| FLEEEEING.
  6529 | D:8      | 6529 ||| FLEEEEING.
  6545 | D:8      | Found a staircase to the Lair.
  6546 | D:8      | 6546 ||| Stepping ~*~*~tactically~*~*~ (hiding).
  6548 | D:8      | 6548 ||| Stepping ~*~*~tactically~*~*~ (hiding).
  6558 | D:8      | 6558 ||| Stepping ~*~*~tactically~*~*~ (hiding).
  6562 | D:8      | 6562 ||| Stepping ~*~*~tactically~*~*~ (outnumbered).
  6563 | D:8      | 6563 ||| Stepping ~*~*~tactically~*~*~ (outnumbered).
  6568 | D:8      | 6568 ||| Stepping ~*~*~tactically~*~*~ (outnumbered).
  6569 | D:8      | 6569 ||| Stepping ~*~*~tactically~*~*~ (outnumbered).
  6699 | D:8      | Noticed a two-headed ogre
  6700 | D:8      | 6700 ||| Stepping ~*~*~tactically~*~*~ (stealth).
  6702 | D:8      | 6702 ||| Stepping ~*~*~tactically~*~*~ (hiding).
  6710 | D:8      | 6710 ||| Stepping ~*~*~tactically~*~*~ (outnumbered).
  6711 | D:8      | 6711 ||| INVOKING Fiery Armour.
  6713 | D:8      | Killed a two-headed ogre
  6857 | D:8      | 6857 ||| Stepping ~*~*~tactically~*~*~ (stealth).
  6858 | D:8      | 6858 ||| Stepping ~*~*~tactically~*~*~ (hiding).
  6898 | D:8      | 6898 ||| PLANNING LAIR
  6935 | Lair:1   | Entered Level 1 of the Lair of Beasts
  6935 | Lair:1   | Noticed a catoblepas
  6936 | Lair:1   | 6936 ||| Stepping ~*~*~tactically~*~*~ (hiding).
  6937 | Lair:1   | 6937 ||| Stepping ~*~*~tactically~*~*~ (hiding).
  6939 | Lair:1   | 6939 ||| INVOKING Fiery Armour.
  6944 | Lair:1   | 6944 ||| Stepping ~*~*~tactically~*~*~ (cloud).
  6945 | Lair:1   | 6945 ||| Stepping ~*~*~tactically~*~*~ (cloud).
  6951 | Lair:1   | Killed a catoblepas
  6952 | Lair:1   | Reached skill level 9 in Shields
  7020 | Lair:1   | Noticed a death yak
  7020 | Lair:1   | Noticed a death yak
  7020 | Lair:1   | Noticed a death yak
  7020 | Lair:1   | Noticed a death yak
  7021 | Lair:1   | 7021 ||| Stepping ~*~*~tactically~*~*~ (stealth).
  7022 | Lair:1   | Noticed a death yak
  7027 | Lair:1   | 7027 ||| Stepping ~*~*~tactically~*~*~ (outnumbered).
  7032 | Lair:1   | 7032 ||| Stepping ~*~*~tactically~*~*~ (outnumbered).
  7034 | Lair:1   | 7034 ||| Stepping ~*~*~tactically~*~*~ (outnumbered).
  7035 | Lair:1   | 7035 ||| Stepping ~*~*~tactically~*~*~ (outnumbered).
  7036 | Lair:1   | 7036 ||| Stepping ~*~*~tactically~*~*~ (outnumbered).
  7039 | Lair:1   | 7039 ||| Stepping ~*~*~tactically~*~*~ (outnumbered).
  7040 | Lair:1   | 7040 ||| Stepping ~*~*~tactically~*~*~ (outnumbered).
  7041 | Lair:1   | 7041 ||| Stepping ~*~*~tactically~*~*~ (outnumbered).
  7042 | Lair:1   | 7042 ||| Stepping ~*~*~tactically~*~*~ (outnumbered).
  7043 | Lair:1   | 7043 ||| Stepping ~*~*~tactically~*~*~ (outnumbered).
  7047 | Lair:1   | 7047 ||| Stepping ~*~*~tactically~*~*~ (outnumbered).
  7048 | Lair:1   | Killed a death yak
  7049 | Lair:1   | 7049 ||| INVOKING Fiery Armour.
  7053 | Lair:1   | HP: 22/96 [death yak (18)]
  7054 | Lair:1   | 7054 ||| DRINKING potion of heal wounds.
  7056 | Lair:1   | HP: 5/96 [death yak (22)]
  7057 | Lair:1   | Mangled by a death yak

Levels and vault maps discovered:
D:1:      lemuel_arrival_room, layout_rooms, serial_corexii_hall,
          chequers_hall_statues_wall_a, corexii_hall_statues_x
D:2:      layout_basic, dreamdust_ecumenical_altar_grove, serial_shops,
          shop_statue, kennysheep_decorative_pillar, chequers_mini_garden
D:3:      layout_loops_corners, mainiacjoe_overflow_six_doors_small,
          kennysheep_small_spiral, minmay_surrounded, uniq_terence
D:4:      layout_basic, nicolae_titane
D:5:      layout_rooms, old_standard_altar, temple_green,
          gup_sewer_entry_bubbles, serial_bayou_pond_d, guppyfry_early_lair_pool
D:6:      layout_loops_ring
D:7:      layout_loops_cross
D:8:      layout_rooms, nicolae_overflow_hallway_of_the_gods,
          minmay_lair_entry_grove
Lair:1:   layout_chaotic_city, grunt_megastairs_1

Skill      XL: |  1  2  3  4  5  6  7  8  9 10 |
---------------+-------------------------------+-----
Unarmed Combat | 4 5 6 7 9 10 12 | 12.0
Throwing       | 1 2 3 |  3.0
Fighting       | 3 4 5 |  5.0
Dodging        | 1 |  1.3
Shields        | 5 9 |  9.3
Spellcasting   | |  1.0
Fire Magic     | |  2.1

Action                   |  1- 3 |  4- 6 |  7- 9 | 10-12 || total
-------------------------+-------+-------+-------+-------++-------
Melee: Unarmed           |   100 |    64 |   284 |   106 ||   554
       Punch             |     2 |       |     9 |       ||    11
Throw: Javelin           |       |    14 |    56 |     3 ||    73
       Boomerang         |       |       |     9 |    10 ||    19
Invok: Fiery Armour      |     1 |     1 |     6 |     3 ||    11
  Use: Scroll            |     4 |     6 |    12 |       ||    22
       Potion            |     3 |       |     1 |     1 ||     5
 Stab: Invisible         |     1 |       |       |       ||     1
Armor: Robe              |    27 |    16 |    82 |    20 ||   145
Dodge: Dodged            |    40 |    29 |   108 |    23 ||   200
Block: Kite shield       |       |       |    16 |    36 ||    52

Table legend:
 A = Non-vault XP
 B = Vault XP
 C = Vault XP percentage of total XP
 D = Non-vault monster count
 E = Vault monster count
 F = Vault count percentage of total count
                 A         B        C        D         E       F
            +---------+---------+-------+---------+---------+-------
      Total |    7751 |    2595 |  25.1 |     143 |      49 |  25.5
            +---------+---------+-------+---------+---------+-------
        D:1 |      31 |       0 |   0.0 |      19 |       0 |   0.0
        D:2 |     187 |       0 |   0.0 |      16 |       0 |   0.0
        D:3 |      13 |      41 |  75.9 |       7 |       4 |  36.4
        D:4 |     462 |       0 |   0.0 |      10 |       0 |   0.0
        D:5 |     595 |      57 |   8.7 |      13 |      10 |  43.5
        D:6 |    1462 |       0 |   0.0 |      32 |       0 |   0.0
        D:7 |    1791 |     522 |  22.6 |      26 |       4 |  13.3
        D:8 |    1571 |    1733 |  52.5 |      18 |       9 |  33.3
     Lair:1 |    1639 |       0 |   0.0 |       2 |       0 |   0.0
      Sewer |       0 |     242 | 100.0 |       0 |      22 | 100.0
            +---------+---------+-------+---------+---------+-------
